 Dungeon Crawl Stone Soup version 0.25-a0-94-g9e23508adf (webtiles) character file.

Game seed: 355576813966506060, levelgen mode: deterministic

126174 MirrMurr the Unseen (level 16, -9/85 HPs)
             Began as a Spriggan Enchanter on Oct 25, 2019.
             Was the Champion of Okawaru.
             Mangled by a shambling mangrove (22 damage)
             ... on level 2 of the Swamp on Nov 11, 2019.
             The game lasted 01:35:51 (39725 turns).

MirrMurr the Unseen (Spriggan Enchanter)           Turns: 39725, Time: 01:35:52

Health: -9/85      AC: 11    Str:  9    XL:     16   Next: 43%
Magic:  17/29      EV: 34    Int: 23    God:    Okawaru [******]
Gold:   2567       SH: 13    Dex: 22    Spells: 14/31 levels left

rFire    + + .     SeeInvis +   b - +8 rapier (elec)
rCold    + . .     Gourm    .   J - +3 buckler {AC+3}
rNeg     . . .     Faith    +   R - +2 robe {rF+}
rPois    +         Spirit   .   T - +2 hat {Int+3}
rElec    +         Reflect  .   E - +1 cloak {rPois}
rCorr    +         Harm     .   (gloves unavailable)
MR       ++...                  (boots unavailable)
Stlth    +++++++++.             G - amulet of faith
HPRegen  0.24/turn              s - +4 ring of dexterity
MPRegen  0.21/turn              h - +3 ring of intelligence

@: resistant, heroism, grasped by roots, very slightly contaminated,
constricted, very quick
A: very small, unfitting armour, see invisible, herbivore, speed 3, slow
metabolism 2
a: Heroism, Finesse, Renounce Religion


You were on level 2 of the Swamp.
You worshipped Okawaru.
Okawaru was exalted by your worship.
You were not hungry.

You visited 5 branches of the dungeon, and saw 26 of its levels.

You collected 2627 gold pieces.
You spent 60 gold pieces at shops.

Inventory:

Hand Weapons
 a - a +4 dagger of piercing
 b - a +8 rapier of electrocution (weapon)
 e - a +0 hunting sling
 C - the +4 demon blade of the Sun {vamp, rF- Str+3 SInv}
   (Okawaru gifted it to you on level 2 of the Orcish Mines)

   It inflicts no extra harm, but heals its wielder when it wounds a living foe.
   It affects your strength (+3).
   It makes you vulnerable to fire.
   It lets you see invisible.
Missiles
 g - 750 stones (quivered)
 t - 198 sling bullets
 x - 87 poisoned darts
 F - 21 curare-tipped darts
Armour
 E - a +1 cloak of poison resistance (worn)
 J - a +3 buckler of protection (worn)
 R - a +2 robe of fire resistance (worn)
 S - a +0 troll leather armour
 T - a +2 hat of intelligence (worn)
Jewellery
 h - a +3 ring of intelligence (right hand)
 s - a +4 ring of dexterity (left hand)
 v - an uncursed ring of flight
 D - an uncursed ring of magical power
 G - an amulet of faith (around neck)
 K - an uncursed ring of ice
Wands
 i - a wand of clouds (10)
 y - a wand of disintegration (20)
 M - a wand of digging (5)
Scrolls
 f - 3 scrolls of magic mapping
 j - 2 scrolls of blinking
 n - 8 scrolls of teleportation
 r - 12 scrolls of remove curse
 w - a scroll of fear
 H - a scroll of brand weapon
 L - a scroll of fog
 O - a scroll of identify
Potions
 d - 3 potions of berserk rage
 k - 3 potions of magic
 l - a potion of agility {unknown}
 m - 2 potions of haste
 o - 6 potions of heal wounds
 p - 3 potions of might
 q - a potion of cancellation
 u - 4 potions of lignification
 z - 6 potions of curing
 A - 3 potions of mutation
 B - 5 potions of flight
 I - 2 potions of brilliance
Miscellaneous
 P - a box of beasts
 V - a lamp of fire
Comestibles
 c - 26 rations


   Skills:
 - Level 10.0(15.0) Fighting
 - Level 14.0(19.0) Short Blades
 - Level 15.0(20.0) Dodging
 + Level 20.8(25.8) Stealth
 - Level 7.2(12.2) Shields
 + Level 8.2 Spellcasting
 - Level 10.0 Hexes
 - Level 2.1 Earth Magic
 - Level 10.0 Invocations


You had 14 spell levels left.
You knew the following spells:

 Your Spells              Type           Power        Failure   Level  Hunger
a - Ensorcelled Hibernat  Hex/Ice        ####..       1%          2    None
b - Confuse               Hex            ######..     1%          3    None
c - Tukima's Dance        Hex            ######..     1%          3    None
d - Dazzling Spray        Conj/Hex       ####..       2%          3    None
f - Cause Fear            Hex            ######....   1%          4    ##.....
P - Passwall              Tmut/Erth      ##......     7%          2    None

Your spell library contained the following spells:

 Spells                   Type           Power        Failure   Level  Hunger
 Corona                   Hex            ######.      1%          1    None
 Slow                     Hex            ######..     1%          2    None
 Sandblast                Erth           ###...       2%          1    None
 Inner Flame              Hex/Fire       ####....     2%          3    None
 Portal Projectile        Hex/Tloc       ####..       2%          3    None
 Leda's Liquefaction      Hex/Erth       #####.....   5%          4    ##.....
 Sublimation of Blood     Necr           #.........   11%         2    None
 Stone Arrow              Conj/Erth      ##....       13%         3    None
 Ignite Poison            Fire/Tmut/Pois #.......     21%         3    None
 Petrify                  Tmut/Erth      ##......     41%         4    ##.....
 Lee's Rapid Deconstruct  Erth           ###.......   61%         5    #####..
 Alistair's Intoxication  Tmut/Pois      #.......     88%         5    #####..
 Irradiate                Conj/Tmut      #.........   88%         5    #####..


Dungeon Overview and Level Annotations

Branches:
Dungeon (15/15)            Temple (1/1) D:4            Lair (6/6) D:10
  Swamp (2/4) Lair:3       Spider (0/4) Lair:4        Slime (0/5) Lair:6
    Orc (2/2) D:11            Elf (0/3) Orc:2        Vaults (0/5) D:13
 Depths (0/5) D:15

Altars:
Ashenzari
Cheibriados
Dithmenos
Elyvilon
Fedhas
Gozag
Hepliaklqana
Kikubaaqudgha
Makhleb
Nemelex Xobeh
Okawaru
Qazlal
Ru
Sif Muna
Trog
Uskayaw
Vehumet
Wu Jian
Xom
Yredelemnul
Zin
The Shining One
Jiyva

Shops:
D:7 }   D:9 [   D:10 [   D:12 (   Orc:2 ((*}

Annotations:
Lair:5 exclusion: 3 oklob plants


Innate Abilities, Weirdness & Mutations

You are very small and have problems with some larger weapons.
You are too small for most types of armour.
You have supernaturally acute eyesight. (SInv)
You are a herbivore.
You cover ground extremely quickly.
You need to consume almost no food.


Message History

You assume a fearsome visage.
The shambling mangrove is unaffected.
The shambling mangrove barely misses you.
* * * LOW HITPOINT WARNING * * *
The grasping roots constrict you.
Unknown command.
Okay, then.
Unknown command.
Okay, then.
Unknown command.
Unknown command.
Blink to where?
Press: ? - help, Dir - move target cursor, p - shambling mangrove You escape the roots' grasp.
You are very lightly contaminated with residual magic.
As you read the scroll of blinking, it crumbles to dust.
It was a potion of resistance.
You feel protected.
Roots burst forth from the earth!
The grasping roots grab you!
You die...

♣♣♣♣♣♣ ≈≈♣@...♣♣♣
≈.≈≈≈..≈≈....♣♣♣ ♣♣
≈≈≈≈.≈..≈.≈≈.≈.♣♣.♣♣
≈≈...≈$≈≈≈.♣≈≈≈≈≈..♣
≈..≈≈≈.≈....§.....♣♣
≈≈.≈≈≈.≈..≈≈≈≈≈≈.♣♣ ♣♣♣
≈≈.≈≈≈).≈≈≈≈≈≈≈≈≈.♣♣♣§≈≈
≈≈....§≈≈≈≈≈≈f≈≈§≈≈≈≈.≈≈
≈≈≈≈≈≈≈≈≈.≈≈≈≈.≈♣≈≈≈


You could see a shambling mangrove.

Vanquished Creatures
  Jorgrun (D:12)
  Rupert (D:13)
  Kirke (D:15)
  A thorn hunter (Swamp:1)
  Nessos (D:12)
  An ettin (Orc:1)
  Josephine (D:15)
  Fannar (D:10)
  A yaktaur captain (D:15)
  2 catoblepae
  14 hydras
  5 centaur warriors
  A shambling mangrove (Lair:3)
  6 two-headed ogres
  A death knight (D:15)
  5 alligators
  6 death yaks
  2 tengu warriors (D:14)
  Urug (D:12)
  5 orc high priests (Orc:2)
  Sonja (D:12)
  A fire crab (shapeshifter) (D:13)
  A swamp dragon (Swamp:1)
  3 unseen horrors
  A lindwurm (Lair:2)
  2 phantasmal warriors (D:15)
  7 orc knights
  3 deep elf magi
  3 manticores
  13 ugly things
  5 cyclopes
  Maurice (D:13)
  5 black mambas
  5 elephants
  27 spiny frogs
  A gargoyle (D:15)
  4 komodo dragons
  2 rime drakes (Lair:5)
  3 freezing wraiths (D:15)
  A kobold demonologist (D:12)
  2 yaktaurs (D:15)
  4 trolls
  7 hornets
  A polar bear (Lair:6)
  3 meliai (Lair:5)
  A queen bee (Lair:5)
  7 tyrant leeches
  9 slime creatures (Swamp:1)
  Grinder (D:5)
  13 dream sheep (Lair:6)
  3 bog bodies (Swamp:1)
  15 hippogriffs
  27 blink frogs
  A blink frog (shapeshifter) (D:14)
  A meliai zombie (D:14)
  3 spriggans
  A vampire (D:14)
  5 wyverns
  27 yaks
  3 water elementals (D:15)
  7 wraiths
  4 hogs (D:15)
  2 shadows
  Eustachio (D:6)
  6 basilisks
  15 humans (D:13)
  2 hungry ghosts
  2 steam dragons
  12 vampire mosquitoes
  Menkaure (D:6)
  7 insubstantial wisps
  A warg (Orc:1)
  A soldier ant (D:14)
  12 water moccasins
  10 swamp worms
  8 porcupines
  3 swamp drakes (Swamp:1)
  26 orc warriors
  2 necrophages
  An eye of draining (D:11)
  4 ice beasts
  2 phantoms
  A black bear (D:8)
  7 sky beasts
  11 ogres
  9 centaurs
  13 wolves
  26 crocodiles
  3 big kobolds
  30 bullfrogs
  2 scorpions
  A wyvern skeleton (D:6)
  A water moccasin skeleton (D:11)
  42 killer bees
  13 wights
  2 electric eels
  8 howler monkeys
  7 crimson imps
  3 centaur zombies
  A quasit (D:10)
  9 hounds
  6 centaur skeletons
  26 orc priests
  6 jellies
  A bullfrog skeleton (D:5)
  A gnoll shaman (Orc:1)
  Jessica (D:3)
  An iguana (D:8)
  A hell rat (Lair:5)
  20 orc wizards
  9 worker ants
  Terence (D:2)
  A killer bee zombie (D:6)
  A howler monkey zombie (D:7)
  10 gnolls
  17 adders
  3 shadow imps
  7 oozes
  2 adder skeletons
  An adder zombie (D:9)
  A worm (D:2)
  5 dart slugs
  7 leopard geckos
  91 orcs
  7 giant cockroaches
  11 goblins
  4 hobgoblins
  9 jackals
  11 quokkas
  11 bats
  9 frilled lizards
  A giant cockroach zombie (D:6)
  28 kobolds
  3 rats
911 creatures vanquished.

Vanquished Creatures (collateral kills)
  A wyvern (D:11)
  An ogre (D:9)
2 creatures vanquished.

Vanquished Creatures (others)
  2 humans (D:15)
  A dancing weapon (D:11)
  A killer bee (Lair:5)
  18 fungi
  52 plants
74 creatures vanquished.

Grand Total: 987 creatures vanquished

Notes
Turn   | Place    | Note
-------+----------+-------------------------------------------
     0 | D:1      | MirrMurr the Spriggan Enchanter began the quest for the
                  | Orb.
     0 | D:1      | Reached XP level 1. HP: 9/9 MP: 5/5
   195 | D:1      | Reached XP level 2. HP: 10/13 MP: 6/6
   257 | D:1      | Learned a level 2 spell: Ensorcelled Hibernation
   284 | D:1      | Reached skill level 5 in Stealth
   942 | D:1      | Reached XP level 3. HP: 16/16 MP: 8/8
   947 | D:1      | Learned a level 3 spell: Confuse
  1566 | D:2      | Noticed Terence
  1568 | D:2      | Killed Terence
  1568 | D:2      | Reached skill level 6 in Stealth
  1598 | D:2      | Found a sparkling altar of Nemelex Xobeh.
  1601 | D:2      | Found a burning altar of Makhleb.
  1601 | D:2      | Found a shattered altar of Ashenzari.
  1602 | D:2      | You fall into a shaft and drop 1 floor!
  1628 | D:3      | Reached XP level 4. HP: 21/21 MP: 6/9
  1877 | D:2      | Found an iron altar of Okawaru.
  2185 | D:2      | Found a stormy altar of Qazlal.
  2297 | D:2      | Became a worshipper of Warmaster Okawaru
  2379 | D:2      | Reached skill level 7 in Stealth
  2379 | D:2      | Reached XP level 5. HP: 12/24 MP: 5/10
  2559 | D:2      | Learned a level 3 spell: Tukima's Dance
  3382 | D:3      | Noticed Jessica
  3492 | D:3      | Killed Jessica
  3846 | D:3      | Reached skill level 8 in Stealth
  3846 | D:3      | Reached XP level 6. HP: 3/28 MP: 1/11
  4544 | D:3      | Reached skill level 5 in Short Blades
  4923 | D:4      | Reached * piety under Okawaru
  5410 | D:4      | Reached skill level 5 in Hexes
  5580 | D:4      | Found a staircase to the Ecumenical Temple.
  5583 | D:4      | Reached XP level 7. HP: 32/32 MP: 13/13
  5595 | Temple   | Entered the Ecumenical Temple
  6338 | D:5      | Entered Level 5 of the Dungeon
  6356 | D:5      | Noticed Grinder
  6359 | D:5      | Killed Grinder
  6359 | D:5      | Reached ** piety under Okawaru
  6359 | D:5      | Reached skill level 5 in Spellcasting
  6457 | D:5      | Reached XP level 8. HP: 28/36 MP: 15/17
  6982 | D:5      | Reached skill level 1 in Fighting
  7043 | D:5      | Noticed a hippogriff
  7085 | D:5      | Killed a hippogriff
  7085 | D:5      | Reached skill level 5 in Dodging
  7474 | D:6      | Reached *** piety under Okawaru
  7478 | D:6      | Noticed Eustachio
  7653 | D:6      | Reached XP level 9. HP: 31/44 MP: 5/19
  7770 | D:6      | Killed Eustachio
  8013 | D:6      | Found an ornate altar of the Wu Jian Council.
  8026 | D:6      | Noticed Menkaure
  8039 | D:6      | Killed Menkaure
  8275 | D:7      | Found Zoan Wuafu's Gadget Shop.
  8280 | D:7      | Reached **** piety under Okawaru
  8387 | D:6      | Reached skill level 9 in Stealth
  9446 | D:7      | Reached skill level 10 in Stealth
  9669 | D:7      | Reached skill level 10 in Dodging
 10164 | D:8      | Learned a level 3 spell: Dazzling Spray
 10167 | D:8      | Learned a level 2 spell: Passwall
 10508 | D:8      | Reached XP level 10. HP: 43/49 MP: 20/20
 10543 | D:8      | Got a faintly humming buckler
 10549 | D:8      | Identified the +0 buckler "Maiphist" {Regen+ Str+5 Stlth+}
                  | (You found it on level 8 of the Dungeon)
 10623 | D:8      | Learned a level 4 spell: Cause Fear
 10819 | D:8      | Reached ***** piety under Okawaru
 10833 | D:8      | Reached skill level 1 in Shields
 11085 | D:8      | Noticed a two-headed ogre
 11120 | D:8      | Killed a two-headed ogre
 11120 | D:8      | Reached skill level 11 in Stealth
 11390 | D:8      | Found a hazy altar of Hepliaklqana.
 11390 | D:8      | Found a blossoming altar of Fedhas.
 11720 | D:9      | Received a gift from Okawaru
 12209 | D:9      | Found Zosik's Antique Armour Boutique.
 12559 | D:10     | Entered Level 10 of the Dungeon
 12743 | D:10     | Found Oxeof's Antique Armour Shop.
 12818 | D:10     | Reached skill level 12 in Stealth
 12999 | D:10     | Reached XP level 11. HP: 43/53 MP: 21/21
 13432 | D:10     | Noticed Fannar
 13434 | D:10     | Killed Fannar
 13434 | D:10     | Reached skill level 5 in Shields
 13543 | D:10     | Found a staircase to the Lair.
 13663 | D:11     | Found a staircase to the Orcish Mines.
 13669 | D:10     | Noticed an unseen horror
 13678 | D:10     | Killed an unseen horror
 13748 | D:11     | Noticed a white ugly thing
 13788 | D:11     | Killed a white ugly thing
 14223 | D:11     | Noticed a two-headed ogre
 14240 | D:11     | Killed a two-headed ogre
 14240 | D:11     | Received a gift from Okawaru
 14528 | D:11     | Noticed a two-headed ogre
 14530 | D:11     | Killed a two-headed ogre
 14787 | Lair:1   | Entered Level 1 of the Lair of Beasts
 15349 | Lair:1   | Reached ****** piety under Okawaru
 16597 | Lair:2   | Found a dark tunnel.
 16597 | Lair:2   | Noticed a lindwurm
 16604 | Lair:2   | Killed a lindwurm
 16778 | Lair:2   | Received a gift from Okawaru
 16778 | Lair:2   | Reached XP level 12. HP: 58/58 MP: 22/22
 17270 | Lair:3   | Reached skill level 5 in Fighting
 17270 | Lair:3   | Reached skill level 13 in Stealth
 17940 | Lair:3   | Noticed a seven-headed hydra
 17962 | Lair:3   | Killed a seven-headed hydra
 18010 | Lair:3   | Noticed a five-headed hydra
 18395 | Lair:3   | Found a staircase to the Swamp.
 18896 | Lair:3   | Killed a five-headed hydra
 19801 | Lair:4   | Found a hole to the Spider Nest.
 19982 | Lair:4   | Received a gift from Okawaru
 20249 | Lair:5   | Reached skill level 10 in Hexes
 20440 | Lair:5   | Reached skill level 14 in Stealth
 20567 | Lair:5   | Upgraded the game from 0.25-a0-55-g0753fd1ad2 to
                  | 0.25-a0-94-g9e23508adf
 20673 | Lair:5   | Reached skill level 10 in Short Blades
 21024 | Lair:5   | Reached skill level 1 in Invocations
 21037 | Lair:5   | Noticed a seven-headed hydra
 21074 | Lair:5   | Killed a seven-headed hydra
 21080 | Lair:5   | Reached XP level 13. HP: 46/65 MP: 8/23
 21651 | Lair:5   | Received a gift from Okawaru
 22419 | Lair:5   | Reached skill level 15 in Stealth
 22538 | Lair:6   | Entered Level 6 of the Lair of Beasts
 22733 | Lair:6   | Reached skill level 5 in Invocations
 22878 | Lair:5   | Reached skill level 15 in Dodging
 23165 | Lair:6   | Received a gift from Okawaru
 24741 | Lair:5   | Received a gift from Okawaru
 24744 | Lair:5   | Got an opalescent robe {god gift}
 24755 | Lair:5   | Identified the +2 robe "Gohotide" {MR- Str+4} (Okawaru
                  | gifted it to you on level 5 of the Lair of Beasts)
 25196 | Lair:5   | Reached XP level 14. HP: 70/70 MP: 24/24
 25585 | Lair:5   | Reached skill level 16 in Stealth
 26602 | D:12     | Noticed Nessos
 26668 | D:12     | Killed Nessos
 26740 | D:12     | Found Ahiepsedgh's Weapon Shoppe.
 26844 | D:12     | Found a glowing golden altar of the Shining One.
 26979 | D:12     | Found a glowing golden altar of the Shining One.
 27280 | D:12     | Noticed Jorgrun
 27553 | D:12     | Noticed Sonja
 27560 | D:12     | Killed Sonja
 27608 | D:12     | Killed Jorgrun
 27608 | D:12     | Reached skill level 1 in Earth Magic
 27622 | D:12     | You fall into a shaft and drop 2 floors!
 27677 | D:14     | Reached skill level 10 in Invocations
 27810 | D:13     | Found a gate to the Vaults.
 27810 | D:13     | Noticed Rupert
 27849 | D:12     | Noticed Urug
 27854 | D:12     | Killed Urug
 28013 | D:12     | Received a gift from Okawaru
 28175 | D:13     | Reached skill level 17 in Stealth
 28579 | D:13     | Noticed Maurice
 28585 | D:13     | Killed Maurice
 28686 | D:13     | Identified the +5 mace of Pihabuw {crush, rElec MR++}
 28811 | D:13     | Killed Rupert
 28811 | D:13     | Received a gift from Okawaru
 28815 | D:13     | Got a twisted hat {god gift}
 28862 | D:12     | Identified the +0 hat "Riol" {Dex+4 Stlth+} (Okawaru gifted
                  | it to you on level 13 of the Dungeon)
 29071 | D:13     | Reached XP level 15. HP: 78/78 MP: 25/25
 30151 | D:15     | Entered Level 15 of the Dungeon
 30173 | D:15     | Received a gift from Okawaru
 30339 | D:15     | Reached skill level 18 in Stealth
 30486 | D:15     | Noticed Kirke
 30846 | D:15     | Killed Kirke
 31734 | D:15     | Found a staircase to the Depths.
 31825 | D:15     | Noticed Josephine
 31827 | D:15     | Killed Josephine
 31948 | Orc:1    | Entered Level 1 of the Orcish Mines
 32557 | Orc:2    | Entered Level 2 of the Orcish Mines
 32574 | Orc:2    | Found a staircase to the Elven Halls.
 34483 | Orc:2    | Received a gift from Okawaru
 34486 | Orc:2    | Got a transparent demon blade {god gift}
 34521 | Orc:1    | Identified the +4 demon blade of the Sun {vamp, rF- Str+3
                  | SInv} (Okawaru gifted it to you on level 2 of the Orcish
                  | Mines)
 34915 | Orc:2    | Found Jaotsoimuz's Weapon Boutique.
 34918 | Orc:2    | Found Yrchoum's Assorted Antiques.
 34919 | Orc:2    | Found Ysheme's Gadget Boutique.
 34920 | Orc:2    | Found Tajin's Antique Weapon Shop.
 34924 | Orc:2    | Bought a scroll of identify for 60 gold pieces
 35198 | Lair:6   | Reached skill level 19 in Stealth
 35231 | Lair:6   | Received a gift from Okawaru
 35664 | Lair:6   | Reached XP level 16. HP: 56/85 MP: 26/26
 35938 | Lair:6   | Reached skill level 10 in Fighting
 35946 | Lair:6   | Found a viscous altar of Jiyva.
 35962 | Lair:6   | Found a staircase to the Slime Pits.
 36337 | Swamp:1  | Entered Level 1 of the Swamp
 36746 | Lair:3   | HP: 4/85 [shambling mangrove (13)]
 37428 | Swamp:1  | Reached skill level 20 in Stealth
 37525 | Swamp:1  | Noticed a thorn hunter
 37585 | Swamp:1  | Killed a thorn hunter
 37911 | Swamp:1  | Found a shimmering blue altar of Sif Muna.
 39020 | Swamp:2  | Received a gift from Okawaru
 39725 | Swamp:2  | Mangled by a shambling mangrove

Levels and vault maps discovered:
D:1:      nzn_arrival_settlement, layout_basic, minmay_pentomino_w4
D:2:      layout_basic, grunt_temple_overflow_open, uniq_terence
D:3:      layout_loops_ring, first_ration, kennysheep_generic_room_4,
          uniq_jessica
D:4:      layout_basic, minmay_temple_entry_slanted, dk_vineyard_3
D:5:      layout_rooms, uniq_grinder
D:6:      layout_rooms, kennysheep_mini_moat, uniq_eustachio, uniq_menkaure
D:7:      layout_rooms, serial_shops, shop
D:8:      layout_loops_corners, gammafunk_temple_overflow_pools
D:9:      layout_basic, serial_shops, shop, hangedman_little_slice_of_home,
          minmay_microvault
D:10:     layout_irregular_city, grunt_lair_entry_orc_guard_hut, serial_shops,
          shop, uniq_fannar
D:11:     layout_roguey, orc_0_dummy
D:12:     layout_loops_ring, serial_shops, nicolae_shop_crystal, basic_altar,
          nicolae_tso_swordbearing_angel, uniq_jorgrun, uniq_sonja, uniq_nessos,
          uniq_urug
D:13:     layout_roguey, david_vaults_3, uniq_maurice
D:14:     layout_rooms, nicolae_two_hexagons
D:15:     grunt_enter_depths_snipers, layout_basic, minivault_22,
          uniq_josephine, uniq_kirke
Temple:   nicolae_temple_great_sept
Lair:1:   layout_small_grid, small_statue_intersection, lemuel_fruit_tree,
          serial_bayou_shore_b, grunt_megastairs_4
Lair:2:   layout_roguey, nicolae_volcano_entry_vermiform, guppyfry_lair_drakes
Lair:3:   layout_cave_pods, palyth_hydra_swamp_entry
Lair:4:   layout_long_grid, spider_nest_entry_web_field,
          chequers_serial_rivers_small_b
Lair:5:   hangedman_what_comes_after_a, layout_gridlike
Lair:6:   minmay_lair_end_frog_pond, layout_regular_city, slime_altar_1
Swamp:1:  layout_falls_marsh, nicolae_swamp_godswood, swamp_pool2
Swamp:2:  layout_falls_marsh, hangedman_swamp_ruin_wall,
          infiniplex_staircase_pool_2
Orc:1:    layout_diamond_mine
Orc:2:    st_orc_pillars, layout_caves

Skill      XL: |  1  2  3  4  5  6  7  8  9 10 11 12 13 14 15 16 |
---------------+-------------------------------------------------+-----
Stealth        | 5 6 7 8 10 12 14 15 17 19 20 | 20.8
Short Blades   | 2 3 4 5 7 8 10 11 14 | 14.0
Spellcasting   | 3 5 6 8 |  8.2
Hexes          | 5 7 8 10 | 10.0
Fighting       | 3 4 6 8 9 10 | 10.0
Dodging        | 7 10 11 12 14 15 | 15.0
Shields        | 4 7 |  7.2
Invocations    | 2 8 10 | 10.0
Earth Magic    | 2 |  2.1

Action                   |  1- 3 |  4- 6 |  7- 9 | 10-12 | 13-15 | 16-18 || total
-------------------------+-------+-------+-------+-------+-------+-------++-------
Melee: Dagger            |   110 |   191 |   122 |   328 |    19 |       ||   770
       Short sword       |       |    56 |       |       |       |       ||    56
       Rapier            |       |       |   157 |   196 |  1551 |   357 ||  2261
 Cast: Corona            |     3 |       |       |       |       |       ||     3
       Ensorcelled Hiber |    20 |    64 |    49 |   180 |   169 |    31 ||   513
       Confuse           |       |     2 |     7 |    28 |    53 |    18 ||   108
       Tukima's Dance    |       |       |     2 |     6 |     2 |       ||    10
       Dazzling Spray    |       |       |       |    19 |    17 |     1 ||    37
Invok: Heroism           |       |       |       |       |     1 |     4 ||     5
       Finesse           |       |       |       |       |     1 |     2 ||     3
  Use: Scroll            |     3 |     6 |    17 |    12 |     7 |     7 ||    52
       Potion            |       |     2 |       |       |     1 |     1 ||     4
 Stab: Sleeping          |    19 |    37 |    44 |   127 |   116 |    23 ||   366
       Invisible         |       |     2 |       |       |     1 |     1 ||     4
       Confused          |       |       |     2 |    11 |    29 |     3 ||    45
       Distracted        |       |       |       |     1 |     8 |     2 ||    11
  Eat: Ration            |       |     4 |     3 |     6 |     9 |     3 ||    25
Armor: Robe              |    11 |    25 |    23 |    29 |    71 |     9 ||   168
Dodge: Dodged            |    86 |   177 |   250 |   424 |   888 |   147 ||  1972
Block: Buckler           |       |       |       |   221 |   626 |    96 ||   943

Table legend:
 A = Non-vault XP
 B = Vault XP
 C = Vault XP percentage of total XP
 D = Non-vault monster count
 E = Vault monster count
 F = Vault count percentage of total count
                 A         B        C        D         E       F
            +---------+---------+-------+---------+---------+-------
      Total |  118187 |   62062 |  34.4 |     671 |     242 |  26.5
            +---------+---------+-------+---------+---------+-------
        D:1 |      34 |      15 |  30.6 |      19 |       7 |  26.9
        D:2 |     139 |      32 |  18.7 |      31 |       1 |   3.1
        D:3 |     224 |      39 |  14.8 |      33 |       2 |   5.7
        D:4 |     444 |       0 |   0.0 |      23 |       0 |   0.0
        D:5 |    1073 |     272 |  20.2 |      25 |       1 |   3.8
        D:6 |    1211 |     362 |  23.0 |      26 |       2 |   7.1
        D:7 |    1413 |       0 |   0.0 |      34 |       0 |   0.0
        D:8 |    2314 |       0 |   0.0 |      26 |       0 |   0.0
        D:9 |    1416 |     281 |  16.6 |      26 |       9 |  25.7
       D:10 |    2543 |    1582 |  38.4 |      22 |       6 |  21.4
       D:11 |    4234 |       0 |   0.0 |      26 |       0 |   0.0
       D:12 |    7941 |    6116 |  43.5 |      39 |       4 |   9.3
       D:13 |    7598 |    8530 |  52.9 |      22 |      20 |  47.6
       D:14 |   13660 |       0 |   0.0 |      36 |       0 |   0.0
       D:15 |   10106 |    6914 |  40.6 |      26 |      13 |  33.3
     Lair:1 |    2309 |     300 |  11.5 |      15 |       3 |  16.7
     Lair:2 |     780 |    1214 |  60.9 |       6 |       3 |  33.3
     Lair:3 |    6421 |    2607 |  28.9 |      22 |       7 |  24.1
     Lair:4 |    2392 |     126 |   5.0 |      13 |       2 |  13.3
     Lair:5 |    7215 |   12929 |  64.2 |      25 |      68 |  73.1
     Lair:6 |   18343 |   10234 |  35.8 |      57 |      37 |  39.4
    Swamp:1 |   17742 |       0 |   0.0 |      50 |       0 |   0.0
    Swamp:2 |    3899 |       0 |   0.0 |      12 |       0 |   0.0
      Orc:1 |    2868 |     447 |  13.5 |      31 |       7 |  18.4
      Orc:2 |    1868 |   10062 |  84.3 |      26 |      50 |  65.8
            +---------+---------+-------+---------+---------+-------
